 Dungeon Crawl Stone Soup version 0.19-a0-1193-g2641e52 (webtiles) character file.

796584 jacquesderrida the Imperceptible (level 27, 86/158 HPs)
             Began as a Vine Stalker Wanderer on Aug 19, 2016.
             Was the Champion of Ashenzari.
             Quit the game on level 7 of the Iron City of Dis on Aug 21, 2016.
             The game lasted 05:29:36 (38532 turns).

jacquesderrida the Imperceptible (VSWn)            Turns: 38532, Time: 05:29:37

Health: 86/158     AC: 34    Str: 19    XL:     27
Magic:  34/48      EV: 28    Int: 17    God:    Ashenzari [******]
Gold:   2540       SH:  0    Dex: 25    Spells: 6 memorised, 18 levels left

rFire  + + .     SeeInvis +     c - +9 great mace (flame) (curse)
rCold  + + +     Gourm    .     g - +9 ice dragon armour (curse)
rNeg   + . .     Faith    .     (shield currently unavailable)
rPois  +         Spirit   +     G - -2 hat of the Alchemist {rElec rPois rF+ rC+ rN+ MR+ rMut rCorr} (curse)
rElec  +         Dismiss  .     N - +2 cloak {rPois} (curse)
rCorr  +         Reflect  .     m - +2 pair of gloves {Str+3} (curse)
rMut   +         Harm     .     J - +2 pair of boots {Stlth+} (curse)
MR     +++++     Clarity  +     T - amulet of regeneration (curse)
Stlth  +++++++++.               E - ring of the Camelopard {rF+ MP+9 Slay+3 Stlth+} (curse)
                                S - ring of Cefeeh {rCorr rF+ MR+ Dex+4 Stlth+} (curse)

@: very slightly contaminated, hasted, very quick
A: fangs 3, regeneration 3, magic shield, antimagic bite, no device heal 3, rot
immunity
a: Curse Item, Scrying, Transfer Knowledge, Renounce Religion
}: 11/15 runes: serpentine, barnacled, slimy, silver, icy, abyssal, demonic,
glowing, magical, fiery, dark


You were on level 7 of the Iron City of Dis.
You worshipped Ashenzari.
Ashenzari was exalted by your worship.
You were not hungry.

You visited 14 branches of the dungeon, and saw 65 of its levels.
You visited Pandemonium 2 times, and saw 28 of its levels.
You visited the Abyss 3 times.
You visited 1 bazaar.
You visited 1 ziggurat, and saw 5 of its levels.
You also visited: Trove, Ossuary, Ice Cave and Wizlab.

You collected 5968 gold pieces.
You spent 3428 gold pieces at shops.

Inventory:

Hand Weapons
 c - a cursed +9 great mace of flaming (weapon)
 d - the +6 sword of Cerebov {flame, YOU'RE MINE NOW BITCH}
   (You took it off Cerebov in Pandemonium)

   It has been specially enchanted to burn those struck by it, causing extra
   injury to most foes and up to half again as much damage against particularly
   susceptible opponents.
   Big, fiery blades are also staple armaments of hydra-hunters.
 t - a +5 sacred scourge of holy wrath
Missiles
 O - 18 javelins of returning (quivered)
Armour
 g - a cursed +9 ice dragon armour (worn)
 m - a cursed +2 pair of gloves of strength (worn)
 r - a +2 pair of gloves
 G - the cursed -2 hat of the Alchemist (worn) {rElec rPois rF+ rC+ rN+ MR+ rMut rCorr}
   (You found it in a wizard's laboratory)

   It protects you from fire.
   It protects you from cold.
   It insulates you from electricity.
   It protects you from poison.
   It protects you from negative energy.
   It affects your resistance to hostile enchantments.
   It protects you from acid and corrosion.
   It protects you from mutation.
   It has a curse placed upon it.
 J - a cursed +2 pair of boots of stealth (worn)
 N - a cursed +2 cloak of poison resistance (worn)
Jewellery
 A - the cursed ring of Tibb {AC+1 Int+8 Dex-3 Stlth+}
   (You found it on level 6 of the Lair of Beasts)

   [ring of protection]

   It affects your AC (+1).
   It affects your intelligence (+8).
   It affects your dexterity (-3).
   It makes you more stealthy.
   It has a curse placed upon it.
 E - the cursed ring of the Camelopard (right hand) {rF+ MP+9 Slay+3 Stlth+}
   (You found it in an ice cave)

   [ring of protection from fire]

   It affects your accuracy and damage with ranged weapons and melee attacks
   (+3).
   It protects you from fire.
   It affects your magic capacity (+9).
   It makes you more stealthy.
   It has a curse placed upon it.
 S - the cursed ring of Cefeeh (left hand) {rCorr rF+ MR+ Dex+4 Stlth+}
   (You found it on level 4 of a ziggurat)

   [ring of resist corrosion]

   It affects your dexterity (+4).
   It protects you from fire.
   It affects your resistance to hostile enchantments.
   It makes you more stealthy.
   It has a curse placed upon it.
 T - a cursed amulet of regeneration (around neck)
 V - an uncursed amulet of rage
Wands
 n - a wand of lightning (2/15)
 o - a wand of teleportation (5/9)
 p - a wand of hasting (4/9)
 D - a wand of teleportation (4/9)
 W - a wand of teleportation (3/9)
 X - a wand of digging (15/24)
Scrolls
 b - 10 scrolls of identify
 e - a scroll of enchant armour
 h - 4 scrolls of teleportation
 i - 5 scrolls of recharging
 j - 6 scrolls of magic mapping
 k - 4 scrolls of fog
 q - 3 scrolls of fear
 v - 2 scrolls of remove curse
 U - 3 scrolls of silence
 Y - 8 scrolls of summoning
Potions
 l - 2 potions of might
 w - 3 potions of agility
 x - a potion of cancellation
 y - 6 potions of magic
 z - 12 potions of curing
 C - 2 potions of flight
 L - 3 potions of ambrosia
 P - 4 potions of haste
 Q - 5 potions of cure mutation
 R - 3 potions of brilliance
Books
 M - a book of Burglary

   Spells                             Type                      Level
   a - Swiftness                      Charms/Air                   2
   b - Passwall                       Transmutation/Earth          2
   c - Passage of Golubria            Translocation                4
   d - Lee's Rapid Deconstruction     Earth                        5
   e - Darkness                       Hexes                        6
   f - Invisibility                   Hexes                        6
Miscellaneous
 s - 3 sacks of spiders
 B - a phial of floods
 H - a lamp of fire
 I - a phantom mirror
 K - the horn of Geryon
 Z - a fan of gales
Comestibles
 a - 23 meat rations
 f - a bread ration


   Skills:
 + Level 20.6 Fighting
 - Level 16.3(21.4) Maces & Flails
   Level 1.7 Crossbows
 - Level 13.1(17.2) Armour
 + Level 16.9(20.7) Dodging
 + Level 23.2 Stealth
   Level 1.0 Shields
 - Level 11.2 Spellcasting
 - Level 12.1(16.2) Hexes
 - Level 13.7(17.7) Charms
 - Level 8.8(13.2) Translocations
   Level 1.0(3.5) Fire Magic
 - Level 10.4(14.6) Air Magic


You had 18 spell levels left.
You knew the following spells:

 Your Spells              Type           Power        Failure   Level  Hunger
a - Apportation           Tloc           ######....   1%          1    None
b - Controlled Blink      Tloc           N/A          100%        8    #######
d - Deflect Missiles      Chrm/Air       ######....   3%          6    ######.
h - Haste                 Chrm           ######..     1%          6    ######.
p - Passage of Golubria   Tloc           N/A          1%          4    ##.....
s - Silence               Hex/Air        ######....   1%          5    #####..


Dungeon Overview and Level Annotations

Branches:
Dungeon (15/15)            Temple (1/1) D:4            Lair (6/6) D:9
 Shoals (4/4) Lair:4        Snake (4/4) Lair:4        Slime (5/5) Lair:5
    Orc (2/2) D:12            Elf (3/3) Orc:2        Vaults (5/5) D:14
  Crypt (1/3) Vaults:2     Depths (5/5) D:15           Hell (1/1)
    Dis (7/7) Hell            Coc (7/7) Hell
    Geh: Hell:1         Tar: Hell:1         Zot: Depths:5

Altars:
Ashenzari
Cheibriados
Dithmenos
Elyvilon
Gozag
Kikubaaqudgha
Makhleb
Nemelex Xobeh
Okawaru
Ru
Sif Muna
Trog
Uskayaw
Vehumet
Yredelemnul
Zin
Jiyva

Shops:
D:6 ?   D:11 =   D:13 *   D:14 (   Orc:1 %   Orc:2 (*=[   Elf:3 %
Shoals:3 (%((   Snake:4 (   Vaults:1 }   Vaults:3 ?   Depths:3 :!(!

Portals:
Hell: Depths:2 Depths:3
Abyss: Depths:4 Depths:5
Pandemonium: Depths:4

Annotations:
D:4 slayr's ghost, amateur MfIE
D:7 1 runed door
D:9 exclusion: statue
D:14 Frances
Shoals:4 Ilsuiw
Snake:1 Louise
Elf:2 exclusion: downstairs
Depths:2 exclusion: orange crystal statue
Coc:7 Antaeus


Innate Abilities, Weirdness & Mutations

You have razor-sharp teeth.
You regenerate.
When hurt, damage is shared between your health and your magic reserves.
Your bite disrupts and absorbs the magic of your enemies.
Potions and wands cannot restore your health.
You are immune to rotting.


Message History

Unknown command.
A rust devil and a Hell Sentinel come into view.
Unknown command.
Unknown command.
Unknown command.
The Hell Sentinel roars!
The rust devil screeches!
The Ice Fiend roars!
The iron imp shouts!
The Hell Sentinel hits you! The Hell Sentinel misses you.
The reaper hits you but does no damage.
Unknown command.
The war gargoyle launches metal splinters at you.
The spray of metal splinters misses you.
The spray of metal splinters hits the reaper.
Unknown command.
The reaper completely misses you.
Unknown command.
Your surroundings suddenly seem different.
An iron imp and a rust devil come into view.
Unknown command.
Are you sure you want to abandon this character and quit the game? (Confirm with "yes".)

*,,,,,*****,,,,,,,*
*,,.....,,,,,,,,,,*
***.5..,,,,,,,,,,**
*...,,,,,,,,,,***
*..#***,,,,,*****
*..#∆∆*,,,,****,*
###..#,,*,,,***,,,*
#....#+##.,***,,,,*
#.@.......***,,,,,,
#......4.#**,,,,,,,
#.......##*,,,,,,,,
#......##*,,,,****,
#.....##***,,,*,,*,
#.....+,,{*,,,*,,+,
#....##,,,*,,,****,
#....#*{,,*,,,,,,,,
*,,,*******,,,,,,,,


You could see a rust devil (sleeping) and an iron imp (sleeping).

Vanquished Creatures
  Cerebov (Pan)
  the Royal Jelly (Slime:5)
  Lom Lobon (Pan)
  A seraph (Pan)
  Gloorx Vloq (Pan)
  Mnoleg (Pan)
  An ancient lich (Vaults:5)
  A greater mummy (Depths:1)
  4 shard shrikes
  Saint Roka (Elf:2)
  A caustic shrike (Depths:2)
  Geryon (Hell)
  A golden dragon (Vaults:5)
  A pearl dragon (Pan)
  A mutant beast (WizLab)
  An iron giant (Dis:6)
  2 Tzitzimimeh
  2 bone dragons
  7 tentacled monstrosities
  3 hellephants
  2 Brimstone Fiends
  2 Ice Fiends
  A deep elf master archer (Elf:3)
  A deep elf blademaster (Elf:3)
  3 liches
  8 titans
  11 acid blobs
  2 quicksilver dragons (Vaults:5)
  2 ancient champions (Dis:6)
  2 sphinxes
  13 Executioners (Pan)
  8 tengu reavers
  4 shadow dragons
  3 storm dragons
  7 azure jellies
  A revenant (Vaults:2)
  6 greater nagas
  6 daevas (Pan)
  An iron dragon (Vaults:5)
  3 deep elf sorcerers (Elf:3)
  6 frost giants
  12 vault wardens
  2 fire giants
  17 balrugs
  A curse skull (Pan)
  7 cacodemons
  A warmonger (Pan)
  A corrupter (Pan)
  An orc warlord (Orc:2)
  18 angels (Pan)
  3 deep elf elementalists
  3 spriggan defenders
  5 war gargoyles
  3 draconian annihilators (Pan)
  13 reapers
  An elemental wellspring (Coc:7)
  13 ironheart preservers
  15 stone giants
  9 very ugly things
  8 ophanim (Pan)
  3 vampire knights
  8 apis (Pan)
  A blood saint (Pan)
  4 deep elf demonologists
  A black draconian (Zig:1)
  16 deep elf annihilators
  4 lorocyprocas
  A dire elephant (Abyss:3)
  2 chaos champions (Pan)
  A black sun (Pan)
  A merfolk javelineer (Shoals:1)
  9 blizzard demons
  A merfolk impaler (Shoals:4)
  8 deep elf death magi
  2 death oozes (Slime:5)
  Josephine (D:14)
  10 ettins
  4 green deaths (Pan)
  7 fire dragons
  A crystal guardian (Abyss:1)
  9 great orbs of eyes
  19 yaktaur captains
  9 ice dragons
  7 deep elf high priests
  Fannar (Lair:2)
  30 vault guards
  4 hell beasts (Pan)
  7 naga warriors
  A quicksilver dragon skeleton (Pan)
  5 rakshasas
  A spriggan air mage (Depths:2)
  8 centaur warriors
  3 monstrous demonspawn (Pan)
  4 merfolk avatars
  6 hydras
  An anaconda (shapeshifter) (WizLab)
  15 anacondas
  A death knight (Vaults:2)
  11 ogre magi
  8 deep troll earth magi
  A satyr (Shoals:2)
  3 death yaks
  8 tengu warriors
  A queen ant (Lair:3)
  6 naga sharpshooters
  6 deep troll shamans
  7 hell hogs
  15 dancing weapons
  3 vampire magi
  2 orc high priests
  5 shock serpents
  3 thrashing horrors
  11 soul eaters
  A spriggan berserker (Depths:2)
  Sonja (D:14)
  A storm dragon zombie (Coc:7)
  19 sun demons
  3 iron trolls
  3 iron golems
  18 deep elf knights
  7 sixfirhies (Pan)
  A salamander mystic (Snake:3)
  A spatial maelstrom (Abyss:3)
  2 fire crabs
  5 shadow wraiths
  5 wretched stars (Abyss:3)
  12 skeletal warriors
  A deep troll (shapeshifter) (WizLab)
  3 unseen horrors
  A gelid demonspawn (Pan)
  3 hell knights
  3 storm dragon skeletons
  2 anaconda zombies
  5 flayed ghosts
  2 fire crabs (shapeshifter) (WizLab)
  3 giant orange brains
  3 sea snakes
  9 cherubim (Pan)
  12 starcursed masses (Abyss:3)
  2 torturous demonspawn (Pan)
  5 putrid demonspawn (Pan)
  12 deep trolls
  A shadow dragon zombie (Coc:4)
  A giant orange brain (shapeshifter) (WizLab)
  5 naga ritualists
  An infernal demonspawn (Pan)
  10 ironbrand convokers
  6 wizards
  4 hill giants
  A kraken simulacrum (Hell)
  6 phantasmal warriors
  19 deep elf archers
  2 anaconda skeletons
  4 mana vipers
  58 deep elf magi
  2 lindwurms (shapeshifter)
  2 necromancers
  2 lindwurms (Lair:6)
  An orb spider (shapeshifter) (WizLab)
  An iron dragon zombie (Dis:7)
  A hill giant (shapeshifter) (Vaults:4)
  An orb spider (Abyss:3)
  5 griffons
  A moth of wrath (shapeshifter) (Depths:2)
  13 harpies
  11 orc knights
  3 wolf spiders
  24 large abominations
  6 shining eyes
  An orc sorcerer (Orc:2)
  19 ugly things
  2 hornets
  A manticore (shapeshifter) (WizLab)
  3 frost giant zombies
  2 salamanders (shapeshifter)
  A faun (Shoals:3)
  4 octopodes (shapeshifter) (WizLab)
  6 guardian serpents
  5 salamanders
  9 cyclopes
  6 manticores
  2 worldbinders (Abyss:3)
  2 fire giant zombies (Coc:4)
  2 sirens
  16 elephants
  12 rust devils
  13 naga magi
  22 black mambas
  8 vault sentinels
  3 eyes of devastation
  A spriggan zombie (Zig:4)
  2 molten gargoyles (D:12)
  3 ice statues
  A water nymph (Shoals:3)
  An apocalypse crab (Abyss:3)
  A titan simulacrum (Coc:7)
  A stone giant skeleton (Depths:2)
  A black mamba (shapeshifter) (WizLab)
  7 smoke demons
  5 spiny frogs
  4 rime drakes
  3 centaur skeletons
  A hellion (Abyss:3)
  7 orange demons
  8 torpor snails
  11 komodo dragons
  8 tormentors
  A demonic crawler (Pan)
  10 freezing wraiths
  5 efreet
  An anaconda simulacrum (Coc:7)
  46 yaktaurs
  18 hellwings
  8 ice devils
  A hydra zombie (Hell)
  2 tengu conjurers (Depths:1)
  11 trolls
  A merfolk (shapeshifter) (Depths:3)
  14 red devils
  A troll (shapeshifter) (Vaults:1)
  A jumping spider (Zig:3)
  9 polar bears
  A meliai (shapeshifter) (Vaults:5)
  2 wind drakes
  An ancient zyme (Abyss:1)
  2 queen bees (shapeshifter) (WizLab)
  8 two-headed ogres
  3 giant leeches (Lair:6)
  A hydra skeleton (Hell)
  4 raiju
  12 merfolk
  An ushabti (Depths:1)
  2 wind drakes (shapeshifter) (WizLab)
  5 blink frogs (Lair:2)
  An ettin zombie (Abyss:3)
  3 boulder beetles
  An ice dragon zombie (Coc:1)
  55 slime creatures
  5 snapping turtles
  A fire giant simulacrum (Hell)
  7 flying skulls
  A tarantella (Zig:3)
  2 tarantellas (shapeshifter)
  3 spriggans (Depths:4)
  A shadow (Coc:4)
  13 wraiths
  A redback (Zig:3)
  A centaur simulacrum (D:14)
  A yak (shapeshifter) (WizLab)
  An ettin skeleton (Coc:4)
  2 spriggans (shapeshifter) (WizLab)
  4 air elementals
  15 water elementals
  A basilisk (shapeshifter) (WizLab)
  3 wyverns
  9 ynoxinuls
  3 fire bats
  20 yaks
  Grum (D:11)
  3 basilisks
  3 fire elementals
  10 neqoxecs
  6 chaos spawn
  9 hippogriffs
  A golden eye (shapeshifter) (Vaults:3)
  6 golden eyes
  A hungry ghost (Coc:7)
  A spriggan simulacrum (Depths:2)
  A steam dragon (shapeshifter) (WizLab)
  A steam dragon (Lair:4)
  A mottled dragon (shapeshifter) (WizLab)
  A hog (shapeshifter) (Vaults:3)
  3 hippogriffs (shapeshifter)
  A harpy simulacrum (D:15)
  3 mottled dragons
  2 spatial vortices (Abyss:3)
  12 wargs
  6 soldier ants (Lair:3)
  A human zombie (Depths:2)
  42 nagas
  6 water moccasins
  6 giant eyeballs
  A soldier ant (shapeshifter) (WizLab)
  Duvessa (D:7)
  10 hell hounds
  6 porcupines
  A swamp dragon zombie (Dis:3)
  4 sky beasts
  3 eyes of draining
  39 orc warriors
  14 black bears
  26 ice beasts
  8 wasps
  3 necrophages
  An ice beast (shapeshifter) (WizLab)
  13 wolves
  12 centaurs
  17 boggarts
  34 ogres
  9 crocodiles
  An elf zombie (Hell)
  2 big kobolds
  2 snapping turtle skeletons (Pan)
  3 earth elementals
  A big kobold (shapeshifter) (Vaults:3)
  2 gnoll sergeants (D:9)
  8 giant frogs
  Dowan (D:7)
  An ogre simulacrum (Vaults:1)
  A wyvern skeleton (D:6)
  3 scorpions
  9 killer bees
  A scorpion (shapeshifter) (Vaults:5)
  2 wights (Ossuary)
  4 howler monkeys
  5 lava snakes (D:12)
  10 crimson imps
  A quasit (Abyss:3)
  11 jellies
  12 orc priests
  A gnoll shaman (D:4)
  20 hounds
  2 iron imps
  14 orc wizards
  10 small abominations
  2 giant frog skeletons (D:11)
  Ijyb (D:3)
  Terence (D:3)
  7 iguanas
  31 worker ants
  5 hell rats (Depths:3)
  22 sheep
  A hound zombie (D:6)
  A hound skeleton (D:4)
  A mummy (Zig:5)
  2 worker ant zombies
  18 gnolls
  7 adders
  8 river rats (Lair:5)
  2 shadow imps
  9 white imps
  5 oozes
  An adder skeleton (D:9)
  2 adder zombies (Ossuary)
  3 giant geckos
  55 orcs
  2 ball pythons
  4 goblins
  2 jackals (D:6)
  5 quokkas
  5 bats
  A giant newt (D:6)
  2 hobgoblin skeletons (Ossuary)
  14 kobolds
  A kobold zombie (Ossuary)
  2 orc skeletons (Ossuary)
  2 orc zombies
  3 rats
  4 crawling corpses
  A plant (D:9)
2117 creatures vanquished.

Vanquished Creatures (collateral kills)
  An azure jelly (Slime:5)
1 creature vanquished.

Vanquished Creatures (others)
  A very ugly thing (Vaults:5)
  A hell hog (Dis:3)
  A shock serpent (Pan)
  A wretched star (Abyss:1)
  A deep elf archer (Elf:3)
  2 wizards (Pan)
  A black mamba (Snake:4)
  A guardian serpent (Snake:4)
  A komodo dragon (Lair:6)
  A flying skull (Coc:7)
  A yak (Lair:5)
  A ynoxinul (Abyss:3)
  A golden eye (Slime:1)
  A hell hound (Dis:2)
  A necrophage (Coc:2)
  A centaur zombie (Dis:3)
  A hell rat (Hell)
  6 ball lightnings (Pan)
  A crawling corpse (Vaults:5)
  32 fungi
  46 plants
  8 tentacles (Hell)
111 creatures vanquished.

Grand Total: 2229 creatures vanquished

Notes
Turn   | Place    | Note
-------+----------+-------------------------------------------
     0 | D:1      | jacquesderrida the Vine Stalker Wanderer began the quest for the Orb.
     0 | D:1      | jacquesderrida set off with: a +2 hand crossbow, 27 bolts, the Catalogue of the Snowflakes, a potion of lignification, a +0 robe, a bread ration
     0 | D:1      | Reached XP level 1. HP: 9/9 MP: 6/6
   196 | D:2      | Reached skill level 1 in Fighting
   290 | D:3      | Noticed a scorpion
   292 | D:3      | Killed a scorpion
   292 | D:3      | Reached XP level 2. HP: 16/16 MP: 8/8
   292 | D:3      | Reached XP level 3. HP: 20/20 MP: 9/9
   320 | D:3      | Reached XP level 4. HP: 24/24 MP: 11/11
   323 | D:3      | Found a shadowy altar of Dithmenos.
   592 | D:3      | Noticed Ijyb
   602 | D:4      | Noticed an ogre
   603 | D:4      | You fall through a shaft for 3 floors!
   634 | D:7      | Found a runed door.
   672 | D:7      | Noticed a giant frog
   678 | D:7      | Killed a giant frog
   678 | D:7      | Reached XP level 5. HP: 19/28 MP: 7/12
   841 | D:7      | Gained mutation: You heal very quickly. [Vine Stalker growth]
   841 | D:7      | Reached XP level 6. HP: 26/32 MP: 11/13
   967 | D:7      | Noticed a sky beast
   987 | D:7      | Killed a sky beast
  1013 | D:7      | Noticed Duvessa
  1017 | D:7      | Noticed Dowan
  1028 | D:7      | Killed Duvessa
  1028 | D:7      | Reached skill level 5 in Maces & Flails
  1028 | D:7      | Reached XP level 7. HP: 36/36 MP: 14/14
  1055 | D:7      | Killed Dowan
  1061 | D:7      | Found a sand-covered staircase.
  1071 | Ossuary  | Entered an ossuary
  1196 | Ossuary  | Noticed a flying skull
  1196 | Ossuary  | Noticed a wraith
  1202 | Ossuary  | Noticed a flying skull
  1203 | Ossuary  | Noticed a flying skull
  1207 | Ossuary  | Noticed a flying skull
  1229 | Ossuary  | Noticed a flying skull
  1389 | D:6      | Found a sparkling altar of Nemelex Xobeh.
  1445 | D:6      | Found Kuam's Magic Scroll Emporium.
  1448 | D:6      | Bought a scroll of teleportation for 45 gold pieces
  1448 | D:6      | Bought a scroll of identify for 30 gold pieces
  1465 | D:5      | Entered Level 5 of the Dungeon
  1548 | D:4      | Found a staircase to the Ecumenical Temple.
  1575 | Temple   | Entered the Ecumenical Temple
  1602 | Temple   | Became a worshipper of Ashenzari the Shackled
  1671 | D:4      | Reached skill level 1 in Dodging
  1704 | D:4      | Gained mutation: You have razor-sharp teeth. [Vine Stalker growth]
  1704 | D:4      | Reached XP level 8. HP: 38/40 MP: 15/15
  1728 | D:4      | Noticed slayr's ghost (amateur MfIE)
  1797 | D:3      | Killed Ijyb
  1798 | D:3      | Found a deep blue altar of Sif Muna.
  1852 | D:3      | Noticed Terence
  1870 | D:3      | Killed Terence
  2339 | D:6      | Found a hide-covered altar of Uskayaw.
  2515 | D:8      | Reached XP level 9. HP: 32/44 MP: 12/16
  2608 | D:8      | Found a basalt altar of Yredelemnul.
  2731 | D:9      | Found a radiant altar of Vehumet.
  2803 | D:9      | Reached skill level 5 in Dodging
  2957 | D:9      | Found a staircase to the Lair.
  2959 | D:9      | Noticed a komodo dragon
  2978 | D:9      | Killed a komodo dragon
  3009 | D:9      | Reached * piety under Ashenzari
  3239 | D:9      | Reached XP level 10. HP: 23/49 MP: 12/17
  3309 | D:10     | Entered Level 10 of the Dungeon
  3342 | D:10     | Reached skill level 10 in Maces & Flails
  3635 | D:11     | Noticed a manticore
  3711 | D:11     | Noticed Grum
  3739 | D:10     | Noticed a brown ugly thing
  3927 | D:11     | Found Kuplioff's Jewellery Shop.
  4148 | Lair:1   | Entered Level 1 of the Lair of Beasts
  4354 | Lair:1   | Noticed a spiny frog
  4551 | Lair:2   | Noticed a six-headed hydra
  4624 | Lair:2   | Reached ** piety under Ashenzari
  4698 | Lair:3   | Noticed a torpor snail
  4726 | Lair:2   | Noticed Fannar
  4843 | Lair:3   | Reached skill level 5 in Fighting
  4843 | Lair:3   | Reached XP level 11. HP: 42/55 MP: 16/18
  4876 | Lair:3   | Noticed a queen ant
  4909 | Lair:3   | Killed a queen ant
  5127 | Lair:3   | Noticed an eight-headed hydra
  5466 | Lair:4   | Found a staircase to the Shoals.
  5492 | Lair:4   | Noticed a death yak
  5493 | Lair:4   | Noticed a death yak
  5543 | Lair:4   | Reached skill level 5 in Armour
  5775 | Lair:5   | Noticed a fire crab
  5796 | Lair:5   | Killed a fire crab
  5826 | Lair:5   | Gained mutation: You regenerate. [Vine Stalker growth]
  5826 | Lair:5   | Reached XP level 12. HP: 50/62 MP: 14/19
  5860 | Lair:5   | Noticed a seven-headed hydra
  6000 | Lair:6   | Entered Level 6 of the Lair of Beasts
  6048 | Lair:6   | Found a frozen archway.
  6108 | IceCv    | Entered an ice cave
  6469 | IceCv    | Reached *** piety under Ashenzari
  6487 | IceCv    | Noticed an ice dragon
  6487 | IceCv    | Noticed an ice dragon
  6488 | IceCv    | Identified the ring of the Camelopard {rF+ MP+9 Slay+3 Stlth+}
  6505 | IceCv    | Killed an ice dragon
  6515 | IceCv    | Killed an ice dragon
  6661 | Lair:6   | Noticed a death yak
  6661 | Lair:6   | Noticed a death yak
  6662 | Lair:6   | Noticed a death yak
  6663 | Lair:6   | Noticed a death yak
  6689 | Lair:5   | Killed a death yak
  6908 | Lair:6   | Noticed a seven-headed hydra
  6924 | Lair:5   | Killed a seven-headed hydra
  6968 | Lair:6   | Reached XP level 13. HP: 52/68 MP: 20/20
  7310 | Lair:6   | Reached skill level 10 in Dodging
  7315 | Lair:6   | Identified the cursed ring of Tibb {AC+1 Int+8 Dex-3 Stlth+}
  7596 | Lair:6   | Found a runed door.
  7836 | Lair:6   | Noticed an ice dragon
  8006 | Lair:5   | Found a staircase to the Slime Pits.
  8191 | Lair:4   | Reached XP level 14. HP: 56/75 MP: 21/21
  8220 | Lair:4   | Identified the Catalogue of the Snowflakes
  8222 | Lair:4   | Learned a level 1 spell: Apportation
  8697 | D:11     | Killed Grum
  8893 | D:11     | Reached skill level 10 in Fighting
  9020 | D:12     | Found a staircase to the Orcish Mines.
  9030 | D:12     | Reached **** piety under Ashenzari
  9064 | Orc:1    | Entered Level 1 of the Orcish Mines
  9157 | Orc:2    | Entered Level 2 of the Orcish Mines
  9303 | Orc:2    | Found Raddokk's Antique Weapon Emporium.
  9407 | Orc:2    | Found a staircase to the Elven Halls.
  9452 | Orc:2    | Noticed an orc warlord
  9486 | Orc:2    | Found Jiegibb's General Store.
  9510 | Orc:2    | Killed an orc warlord
  9549 | Orc:1    | Found Uquatz's Food Emporium.
  9767 | Orc:2    | Found Keunynlo's Jewellery Shop.
  9967 | Orc:2    | Found Wumaheoss's Antique Armour Shop.
  9975 | Orc:2    | Bought a pair of runed boots for 157 gold pieces
 10007 | Elf:1    | Entered Level 1 of the Elven Halls
 10124 | Orc:1    | Found a bloodstained altar of Trog.
 10433 | D:13     | Found Ruycai's General Store.
 10436 | D:13     | Bought a scroll of identify for 34 gold pieces
 10600 | D:12     | Identified the +5 trident of Ashenzari's Hatred {drain, -Tele rN++}
 10789 | D:14     | Reached ***** piety under Ashenzari
 10848 | D:14     | Found a burning altar of Makhleb.
 10848 | D:14     | Noticed a balrug
 10866 | D:14     | Found a gate to the Vaults.
 10888 | D:14     | Found Zopukh's Weapon Boutique.
 10915 | D:14     | Noticed Josephine
 10932 | D:14     | Killed Josephine
 10979 | D:14     | Noticed Sonja
 11051 | D:15     | Entered Level 15 of the Dungeon
 11106 | D:15     | Reached XP level 15. HP: 81/81 MP: 22/22
 11595 | D:15     | Found a staircase to the Depths.
 12057 | Lair:2   | Killed Fannar
 12176 | Lair:3   | Reached skill level 10 in Armour
 12258 | Shoals:1 | Entered Level 1 of the Shoals
 12732 | Lair:4   | Found a staircase to the Snake Pit.
 12743 | Snake:1  | Entered Level 1 of the Snake Pit
 12747 | Snake:1  | Found a flickering gateway to a bazaar.
 12752 | Bazaar   | Entered a bazaar
 12753 | Bazaar   | Found Lysk's Jewellery Emporium.
 12753 | Bazaar   | Found Mienwatt's Antique Armour Emporium.
 12754 | Bazaar   | Found Bopsiq Weep's Gadget Shop.
 12786 | Bazaar   | Found Borghac's Assorted Antiques.
 12794 | Bazaar   | Bought a scroll labeled POYNAFO DEPP for 22 gold pieces
 12794 | Bazaar   | Bought a scroll of identify for 44 gold pieces
 12794 | Bazaar   | Bought a scroll of teleportation for 66 gold pieces
 12808 | Bazaar   | Bought a wand of teleportation (4/9) for 360 gold pieces
 13140 | Snake:1  | Noticed Louise
 13440 | Snake:4  | Entered Level 4 of the Snake Pit
 13455 | Snake:3  | Noticed a greater naga
 13481 | Snake:3  | Killed a greater naga
 13635 | Snake:3  | Noticed a greater naga
 13657 | Snake:3  | Killed a greater naga
 13711 | Snake:3  | Noticed a greater naga
 13923 | Snake:2  | Reached skill level 2 in Stealth
 13923 | Snake:2  | Reached XP level 16. HP: 74/88 MP: 23/23
 13954 | Snake:2  | Reached skill level 3 in Stealth
 14065 | Snake:2  | Reached skill level 4 in Stealth
 14115 | Snake:4  | Reached skill level 5 in Stealth
 14187 | Snake:4  | Found Sody's Weapon Boutique.
 14194 | Snake:4  | PLS
 14237 | Snake:4  | Noticed a greater naga
 14261 | Snake:4  | Killed a greater naga
 14261 | Snake:4  | Reached skill level 6 in Stealth
 14342 | Snake:4  | Reached skill level 7 in Stealth
 14444 | Snake:4  | Reached skill level 8 in Stealth
 14474 | Snake:4  | Noticed a greater naga
 14516 | Snake:4  | Killed a greater naga
 14522 | Snake:4  | Reached skill level 1 in Translocations
 14567 | Snake:4  | Reached skill level 5 in Spellcasting
 14606 | Snake:4  | Reached skill level 9 in Stealth
 14736 | Snake:4  | Noticed a greater naga
 14801 | Snake:4  | Noticed a greater naga
 14834 | Snake:4  | Killed a greater naga
 15014 | Snake:4  | Noticed a greater naga
 15081 | Snake:4  | Reached skill level 10 in Stealth
 15114 | Snake:4  | Noticed a greater naga
 15186 | Snake:4  | Killed a greater naga
 15241 | Snake:4  | Reached skill level 5 in Translocations
 15379 | Snake:4  | Reached skill level 11 in Stealth
 15546 | Snake:4  | Got a serpentine rune of Zot
 15902 | D:12     | Reached XP level 17. HP: 53/93 MP: 27/27
 16518 | Elf:2    | Identified the +7 dagger "Orb Guardian's Bane" {speed, +Blink rPois}
 16553 | Elf:3    | Entered Level 3 of the Elven Halls
 16932 | Elf:2    | Found a runed gate.
 16932 | Elf:2    | Found a runed gate.
 16932 | Elf:2    | Found a runed gate.
 16946 | Elf:2    | Reached skill level 15 in Maces & Flails
 17141 | Elf:3    | Found Nuc Zer's Food Shoppe.
 17540 | Elf:3    | Identified the ring "Piapsast" {rPois rC+ MR+ Int+3 Stlth+}
 17540 | Elf:3    | Identified the ring "Xaly" {Wiz Dex+5}
 17596 | Elf:3    | Noticed a deep elf blademaster
 17607 | Elf:3    | Noticed a deep elf blademaster
 17650 | Elf:3    | Killed a deep elf blademaster
 17650 | Elf:3    | Identified the +1 chain mail "Hakhlazi" {MR+ Str-5 Int+3 Dex+4} (You took it off a deep elf blademaster on level 3 of the Elven Halls)
 17697 | Elf:3    | Noticed a Brimstone Fiend
 17702 | Elf:3    | Noticed an Executioner
 17857 | Elf:3    | Reached XP level 18. HP: 98/100 MP: 28/28
 17870 | Elf:3    | Noticed a Brimstone Fiend
 17870 | Elf:3    | Noticed Saint Roka
 18127 | Elf:3    | Noticed a deep elf master archer
 18146 | Elf:3    | Killed a deep elf master archer
 18146 | Elf:3    | Identified the cursed +1 chain mail of the Beginning {rElec rPois Str+3} (You took it off a deep elf master archer on level 3 of the Elven Halls)
 18246 | Elf:2    | Killed Saint Roka
 18576 | Elf:3    | Identified the Handbook of the Vitriolic Compass
 18582 | Elf:3    | Identified the Papyrus of Congealing Poison
 19040 | D:14     | Noticed Frances
 19075 | D:14     | Killed Sonja
 19118 | Vaults:1 | Entered Level 1 of the Vaults
 19138 | Vaults:1 | Found Diorr's Gadget Shoppe.
 19794 | Vaults:2 | Found a staircase to the Crypt.
 19802 | Crypt:1  | Entered Level 1 of the Crypt
 20138 | Vaults:2 | Learned a level 6 spell: Haste
 20145 | Vaults:2 | Learned a level 6 spell: Deflect Missiles
 20151 | Vaults:2 | Learned a level 5 spell: Silence
 20222 | Vaults:2 | Reached skill level 1 in Hexes
 20222 | Vaults:2 | Reached skill level 1 in Charms
 20245 | Vaults:2 | Reached XP level 19. HP: 56/106 MP: 29/29
 20528 | Vaults:3 | Found Vickam's Magic Scroll Shoppe.
 20537 | Vaults:3 | Bought a scroll of brand weapon for 280 gold pieces
 20537 | Vaults:3 | Bought a scroll of brand weapon for 280 gold pieces
 20537 | Vaults:3 | Bought a scroll of enchant weapon for 105 gold pieces
 20537 | Vaults:3 | Bought a scroll of identify for 28 gold pieces
 20658 | Vaults:3 | Bought a scroll of remove curse for 42 gold pieces
 20658 | Vaults:3 | Bought a scroll of teleportation for 42 gold pieces
 20658 | Vaults:3 | Bought a scroll of immolation for 49 gold pieces
 21020 | Vaults:4 | Identified the +8 spear "Dragon's Demise" {pierce, rElec rC+ Str-5}
 21421 | Vaults:4 | Found a portal to a secret trove of treasure.
 21775 | Depths:1 | Entered Level 1 of the Depths
 22108 | Elf:1    | Reached skill level 5 in Hexes
 22121 | Elf:1    | Reached skill level 5 in Charms
 22965 | Shoals:3 | Found Xedeiqo's Antique Weapon Shop.
 23004 | Shoals:3 | Found Kenymn's Antique Weapon Emporium.
 23011 | Shoals:3 | Found Ytzepsev's Antique Weapon Boutique.
 23049 | Shoals:3 | Found Kuvech's Food Shoppe.
 23127 | Shoals:3 | Reached skill level 15 in Fighting
 23130 | Shoals:3 | Reached XP level 20. HP: 106/113 MP: 33/33
 23176 | Shoals:4 | Entered Level 4 of the Shoals
 23258 | Shoals:4 | Noticed Ilsuiw
 23273 | Shoals:4 | Got a barnacled rune of Zot
 23474 | Shoals:1 | Got the uncursed helmet of Plasticity {rElec rPois rF- rN+++}
 23475 | Shoals:1 | Identified the +1 helmet of Plasticity {rElec rPois rF- rN+++} (You found it on level 1 of the Shoals)
 23790 | D:6      | Bought a scroll of enchant weapon for 112 gold pieces
 23790 | D:6      | Bought a scroll of fog for 30 gold pieces
 23790 | D:6      | Bought a scroll of fear for 52 gold pieces
 23790 | D:6      | Bought a scroll of identify for 30 gold pieces
 24403 | Depths:1 | Found a gateway to a ziggurat.
 24424 | Zig:1    | Entered Level 1 of a ziggurat
 24448 | Zig:2    | Entered Level 2 of a ziggurat
 24510 | Zig:3    | Entered Level 3 of a ziggurat
 24546 | Zig:4    | Entered Level 4 of a ziggurat
 24550 | Zig:4    | Identified the ring of Cefeeh {rCorr rF+ MR+ Dex+4 Stlth+}
 24670 | Zig:5    | Entered Level 5 of a ziggurat
 24674 | Zig:5    | Noticed a greater mummy
 24706 | Depths:1 | Killed a greater mummy
 24901 | Depths:2 | Found an iron altar of Okawaru.
 24996 | Depths:2 | Found a magical portal.
 25001 | WizLab   | Entered Cigotuvi's Fleshworks
 25223 | WizLab   | Identified the Catalogue of the Hawk
 25232 | WizLab   | Identified the Grimoire of Transformation
 25235 | WizLab   | Identified Cigotuvi's Tome of Lethal Transmutation
 25527 | WizLab   | Gained mutation: Your spells are a little harder to cast, but a little more powerful. [potion of beneficial mutation]
 25528 | WizLab   | Gained mutation: Your mind is acute. (Int +2) [potion of beneficial mutation]
 25749 | Depths:2 | Noticed a caustic shrike
 25759 | Depths:2 | Found a gateway to Hell.
 25915 | Depths:2 | Reached skill level 1 in Air Magic
 25927 | Depths:2 | Reached XP level 21. HP: 111/119 MP: 34/34
 26129 | Depths:2 | Reached ****** piety under Ashenzari
 26218 | Depths:2 | Killed a caustic shrike
 26340 | Depths:3 | Identified the +9 great sword "Eviscerator" {holy, *Confuse rF++ Str+4 Stlth+}
 26341 | Depths:3 | Found Cuilithest's Distillery.
 26342 | Depths:3 | Found Roaxev's Antique Weapon Emporium.
 26342 | Depths:3 | Found Meuluqiu's Distillery.
 26347 | Depths:3 | Bought a potion of agility for 68 gold pieces
 26347 | Depths:3 | Bought a potion of agility for 68 gold pieces
 26347 | Depths:3 | Bought a potion of might for 68 gold pieces
 26347 | Depths:3 | Found Bupiosos's Book Shoppe.
 26358 | Depths:3 | Bought a potion of agility for 96 gold pieces
 26530 | Depths:3 | Reached skill level 10 in Hexes
 26541 | Depths:3 | Gained mutation: You are partially covered in thin metallic scales. (AC +2) [potion of beneficial mutation]
 26723 | Depths:3 | Reached skill level 10 in Charms
 26970 | Depths:4 | Found a one-way gate leading to the halls of Pandemonium.
 27016 | Depths:4 | Found a one-way gate to the infinite horrors of the Abyss.
 27017 | Depths:4 | Found a sparkling altar of Nemelex Xobeh.
 27250 | Vaults:1 | Reached skill level 5 in Air Magic
 27543 | Vaults:5 | Entered Level 5 of the Vaults
 27561 | Vaults:5 | Reached XP level 22. HP: 65/125 MP: 35/35
 27820 | Vaults:5 | Noticed an ancient lich
 27850 | Vaults:5 | Killed an ancient lich
 27879 | Vaults:5 | Identified the ring of Eternity {MP+9 Str+2}
 27879 | Vaults:5 | Identified the +6 dagger of the Shining Light {drain, rC+ MR- Int+4}
 27987 | Vaults:5 | Got a silver rune of Zot
 28171 | Vaults:5 | Identified the ring "Aguewn" {Ice -Tele rElec rN+ MR+} (You took it off a tengu reaver on level 5 of the Vaults)
 28183 | Vaults:5 | Noticed a golden dragon
 28208 | Vaults:5 | Killed a golden dragon
 28232 | Vaults:5 | Reached XP level 23. HP: 115/130 MP: 36/36
 28300 | Vaults:5 | Reached skill level 12 in Stealth
 28361 | Vaults:5 | Identified the ring "Cutuash" {rPois rC+ Dex+2 Stlth-} (You took it off a vault guard on level 5 of the Vaults)
 28430 | Vaults:5 | Identified the cursed +1 plate armour of Wuufeac {MR- Int+3 Dex+5} (You took it off a deep elf high priest on level 5 of the Vaults)
 28514 | Vaults:5 | Identified the cursed +1 scale mail of Gezeux {*Confuse Str-5 Int+9 Dex+5}
 29053 | Lair:1   | Learned a level 8 spell: Controlled Blink
 29158 | Slime:1  | Entered Level 1 of the Pits of Slime
 29346 | Slime:5  | Entered Level 5 of the Pits of Slime
 29377 | Slime:5  | Reached skill level 13 in Stealth
 29421 | Slime:5  | Found a viscous altar of Jiyva.
 29435 | Slime:5  | Noticed the Royal Jelly
 29437 | Slime:5  | Reached skill level 10 in Spellcasting
 29464 | Slime:5  | Killed the Royal Jelly
 29465 | Slime:5  | Identified the +10 hand crossbow of the Dozen Runes {flame, *Confuse +Inv rPois}
 29465 | Slime:5  | Identified the +2 mottled dragon armour "Aleziera" {rElec rF- Int-5 Dex+7}
 29465 | Slime:5  | Identified the +8 hand crossbow of Slow Death {venom, -Tele rElec rN+ Dex+8}
 29465 | Slime:5  | Identified the +9 hand axe of Gibro {elec, rN++}
 29527 | Slime:5  | Identified the cursed +0 quarterstaff "Zeri" {flame, *Drain rPois Dex+5 SInv}
 29536 | Slime:5  | Identified the cursed +0 falchion "Onieh" {antimagic, rF+}
 29591 | Slime:5  | Got a slimy rune of Zot
 29620 | Slime:5  | NOICE
 30017 | D:6      | Bought a scroll of remove curse for 45 gold pieces
 30460 | Depths:5 | Entered Level 5 of the Depths
 30460 | Depths:5 | Noticed a golden dragon
 30460 | Depths:5 | Noticed a juggernaut
 30550 | Depths:4 | Voluntarily entered the Abyss.
 30600 | Abyss:1  | Reached XP level 24. HP: 119/136 MP: 38/38
 30664 | Abyss:1  | Found a corrupted altar of Lugonu.
 30668 | Abyss:2  | Found a corrupted altar of Lugonu.
 30861 | Abyss:3  | Found a radiant altar of Vehumet.
 30904 | Abyss:3  | Reached skill level 14 in Stealth
 31167 | Abyss:3  | Found a corrupted altar of Lugonu.
 31192 | Abyss:3  | Got an abyssal rune of Zot
 31234 | Abyss:3  | Identified a scroll of acquirement
 31367 | Abyss:3  | SEE YA CHUMPS
 31368 | Depths:4 | Escaped the Abyss
 31694 | Vaults:4 | You paid a toll of a +6 demon whip to enter a treasure trove
 31695 | Trove    | Entered a treasure trove
 32092 | Pan      | Entered Pandemonium
 32166 | Pan      | Identified the +5 glaive of Hafaenn {speed, *Confuse Int+2 Dex+5 SInv}
 32167 | Pan      | Identified the cursed +0 cloak of Waf Qoluc {+Fly MR++ Str-3 Stlth+}
 32435 | Pan      | Reached skill level 15 in Stealth
 32540 | Pan      | Gained mutation: You expend magic power (3 MP) to strengthen your wands. [mutagenic glow]
 32548 | Pan      | Noticed a seraph
 32563 | Pan      | Reached skill level 10 in Air Magic
 32565 | Pan      | Found a glowing golden altar of the Shining One.
 32611 | Pan      | Cast into level 5 of the Abyss (the power of Zot)
 32611 | Abyss:5  | Entered Level 5 of the Abyss
 32655 | Pan      | Escaped the Abyss
 32699 | Pan      | Identified the +11 shortbow of the World {speed, *Contam rPois Int+4 Stlth+}
 32972 | Pan      | Killed a seraph
 32972 | Pan      | Identified the ring "Isurr" {+Blink Str+4 Dex+2} (You took it off a seraph in Pandemonium)
 32991 | Pan      | Identified Sorcery, Part Three
 32997 | Pan      | Got a demonic rune of Zot
 33148 | Pan      | POOP
 33192 | Depths:4 | Escaped Pandemonium
 33193 | Depths:4 | REEEEEEEEEEE
 33236 | Depths:3 | Bought a book of Burglary for 1275 gold pieces
 33241 | Depths:3 | Learned a level 4 spell: Passage of Golubria
 33285 | Pan      | Entered Pandemonium
 33301 | Pan      | Found an exit through the horrors of the Abyss.
 33381 | Pan      | Reached skill level 16 in Stealth
 33382 | Pan      | Found a runed door.
 33787 | Pan      | Reached XP level 25. HP: 93/142 MP: 39/39
 33890 | Pan      | Noticed Negroc the pandemonium lord
 33990 | Pan      | UUUUGGGGGHHH
 34008 | Pan      | Noticed Harut the pandemonium lord
 34025 | Pan      | Reached skill level 17 in Stealth
 34078 | Pan      | PLS NO
 34082 | Pan      | HEH
 34089 | Pan      | Noticed Vued the pandemonium lord
 34123 | Pan      | Found an exit through the horrors of the Abyss.
 34153 | Pan      | Entered the realm of Cerebov.
 34153 | Pan      | Found an exit through the horrors of the Abyss.
 34330 | Pan      | Reached skill level 18 in Stealth
 34448 | Pan      | Noticed Cerebov
 34570 | Pan      | FUCK YOU
 34600 | Pan      | I DIE WITH THE SMILE ON MY FACE
 34603 | Pan      | Killed Cerebov
 34603 | Pan      | Identified the +6 sword of Cerebov {flame} (You took it off Cerebov in Pandemonium)
 34603 | Pan      | Reached skill level 19 in Stealth
 34706 | Pan      | Got a fiery rune of Zot
 34777 | Pan      | THE LAND OF REE
 34778 | Pan      | Entered the realm of Lom Lobon.
 34778 | Pan      | Found an exit through the horrors of the Abyss.
 34778 | Pan      | Identified the +1 cloak of Philately {rF- rN++ Int+8 SInv}
 34987 | Pan      | hi
 35054 | Pan      | Reached skill level 20 in Stealth
 35075 | Pan      | Noticed Lom Lobon
 35094 | Pan      | Got a magical rune of Zot
 35140 | Pan      | Killed Lom Lobon
 35140 | Pan      | Reached skill level 15 in Dodging
 35408 | Pan      | Noticed Gaseov the pandemonium lord
 35468 | Pan      | Found an exit through the horrors of the Abyss.
 35485 | Pan      | Reached XP level 26. HP: 70/150 MP: 30/39
 35555 | Pan      | Entered the realm of Mnoleg.
 35555 | Pan      | Noticed Ignacio
 35688 | Pan      | Reached skill level 21 in Stealth
 35689 | Pan      | Gained mutation: Your magical capacity is low. (-10% MP) [a neqoxec]
 35761 | Pan      | Noticed Mnoleg
 35791 | Pan      | Lost mutation: Your mind is acute. (Int +2) [a shining eye]
 35812 | Pan      | Gained mutation: You are clumsy. (Dex -2) [a shining eye]
 35818 | Pan      | Killed Mnoleg
 35819 | Pan      | Gained mutation: Your body sometimes deteriorates upon taking damage. [a shining eye]
 35823 | Pan      | Gained mutation: Armour fits poorly on your strangely shaped body. [a neqoxec]
 35827 | Pan      | Gained mutation: Your magical capacity is very low. (-20% MP) [a shining eye]
 35857 | Pan      | Lost mutation: Armour fits poorly on your strangely shaped body. [potion of cure mutation]
 35857 | Pan      | Lost mutation: You expend magic power (3 MP) to strengthen your wands. [potion of cure mutation]
 35857 | Pan      | Lost mutation: Your body sometimes deteriorates upon taking damage. [potion of cure mutation]
 35857 | Pan      | Lost mutation: Your magical capacity is very low. (-20% MP) [potion of cure mutation]
 35857 | Pan      | Lost mutation: Your magical capacity is low. (-10% MP) [potion of cure mutation]
 35857 | Pan      | Lost mutation: You are clumsy. (Dex -2) [potion of cure mutation]
 35870 | Pan      | Got a glowing rune of Zot
 36076 | Pan      | Found an exit through the horrors of the Abyss.
 36134 | Pan      | Entered the realm of Gloorx Vloq.
 36162 | Pan      | Found an exit through the horrors of the Abyss.
 36302 | Pan      | Noticed Gloorx Vloq
 36329 | Pan      | Killed Gloorx Vloq
 36369 | Pan      | Got a dark rune of Zot
 36474 | Pan      | Found an exit through the horrors of the Abyss.
 36509 | Pan      | Took an exit into the Abyss.
 36509 | Abyss:1  | Escaped into the Abyss
 36509 | Abyss:1  | Found an opulent altar of Gozag.
 36515 | Depths:4 | Escaped the Abyss
 36558 | Hell     | Entered the Vestibule of Hell
 36558 | Hell     | Noticed Geryon
 36580 | Hell     | Killed Geryon
 36719 | Hell     | Reached skill level 22 in Stealth
 37131 | Hell     | Reached XP level 27. HP: 114/156 MP: 39/39
 37241 | Hell     | Found a gateway to the freezing wastes of Cocytus.
 37259 | Coc:1    | Entered Level 1 of Cocytus
 37447 | Coc:4    | GDE
 37598 | Coc:7    | Entered Level 7 of Cocytus
 37772 | Coc:7    | Gained mutation: You tend to lose your temper in combat. [mutagenic glow]
 37795 | Coc:7    | Identified the +3 ring mail of Neqad {rElec rCorr}
 37795 | Coc:7    | Noticed Antaeus
 37803 | Coc:7    | Got an icy rune of Zot
 37804 | Coc:7    | SEE YA SUCKERS
 37838 | Hell     | Found a gateway to the Iron City of Dis.
 37843 | Dis:1    | Entered Level 1 of the Iron City of Dis
 37883 | Dis:2    | Gained mutation: Scrolls take you a little longer to read. [mutagenic glow]
 37993 | Dis:4    | Reached skill level 23 in Stealth
 38077 | Dis:4    | You fall through a shaft for 2 floors!
 38132 | Dis:6    | Lost mutation: You tend to lose your temper in combat. [potion of cure mutation]
 38132 | Dis:6    | Lost mutation: Your spells are a little harder to cast, but a little more powerful. [potion of cure mutation]
 38132 | Dis:6    | Lost mutation: You are partially covered in thin metallic scales. (AC +2) [potion of cure mutation]
 38132 | Dis:6    | Lost mutation: Scrolls take you a little longer to read. [potion of cure mutation]
 38360 | Dis:7    | Entered Level 7 of the Iron City of Dis
 38532 | Dis:7    | Quit the game

Vault maps used:
D:1:      dpeg_arrival_chambers_temple_mockup, tso_metal_star
D:2:      lemuel_tele_altar
D:3:      lemuel_doored_altar, old_standard_altar, uniq_robin, uniq_terence,
          uniq_iyjb
D:4:      first_bread
D:6:      eat_drink_and_be_merry_uskayaw, serial_shops, kennysheep_mini,
          nemelex_diamond_rough_becter
D:7:      lightli_ossuary_entry_decrepit_ruins, uniq_duvessa,
          uniq_crazy_yiuf_cottage
D:8:      basic_altar, grunt_pizzeria
D:9:      vehumet_statue, marbit_many_paths, david_lair_shrubbed
D:10:     nicolae_ashenzari_panopticon
D:11:     serial_shops, shop, uniq_grum
D:12:     cheibrodos_magma_flow, orc_0_dummy, kennysheep_generic_room_13
D:13:     serial_shops, kennysheep_mini_moat
D:14:     david_vaults_5, serial_shops, shop, makhleb_altar_promises_db,
          uniq_josephine, uniq_sonja, uniq_roxanne, uniq_frances
D:15:     hangedman_depths_entry_civil_slaughter, minmay_fountain_box
Temple:   regret_index_temple_sphere_string
Lair:2:   uniq_fannar
Lair:3:   zaba_antful_of_joy, infiniplex_staircase_pool_2
Lair:4:   minmay_shoals_entry_centaurs, minmay_snake_entry_spellcaster,
          beast_lair_carwin_6
Lair:5:   nicolae_slime_entry_slimehenge
Lair:6:   hangedman_lair_caniforms_friends, wormcave,
          portal_ice_cave_entry_ice_beasts
Shoals:1: nicolae_shoals_stone_sculpture_thing
Shoals:3: serial_shops, shop_statue, nicolae_shop_crystal, shop,
          nicolae_shop_trees, hangedman_shoal_volcano
Shoals:4: shoals_end_grunt_ice, shoals_ilsuiw_alternative,
          nicolae_shoals_kraken_party
Snake:1:  serial_shops, bzr_entry_road, uniq_louise
Snake:3:  nicolae_snake_biting_tails
Snake:4:  grunt_snake_rune_serpentine_throne, serial_shops, shop
Slime:2:  cheibrodos_slime_lost_civilization_5
Slime:3:  nicolae_slime_jelly_donut
Orc:1:    serial_shops, shop, bloody_trog
Orc:2:    grunt_orc_gardens, grunt_orc_garden, grunt_orc_garden,
          grunt_orc_garden, grunt_orc_garden, nicolae_orc_lava_tube
Elf:1:    eino_elf_arrival_shootout, evilmike_minifort
Elf:3:    minmay_elf_hall_statues, serial_shops, shop, uniq_saint_roka
Vaults:1: ontoclasm_vaults_ring_large, nicolae_vaults_circle_grid_b,
          nicolae_vaults_three_branches, nicolae_vaults_ring_of_whatevers,
          ontoclasm_vaults_misaligned, nicolae_vaults_little_squares_5,
          v_pattern_2, hangedman_vaults_trim, vaults_room_pool, serial_shops,
          shop
Vaults:2: ontoclasm_vaults_fault, grunt_vaults_trifunnel,
          vaults_dpeg_encased_lava, grunt_vaults_twisty,
          nicolae_vaults_angled_halls, nicolae_vaults_what_the_h,
          vaults_mumra_hex, minmay_crypt_entry_simple_walls, v_misc_22,
          vaults_dpeg_diagonal, vaults_dpeg_ring, v_misc_22
Vaults:3: ontoclasm_vaults_spin, v_misc_1, ontoclasm_vaults_loading_screen,
          nicolae_vaults_puzzle_piece, v_misc_4, v_misc_32, vaults_room_pools,
          vaults_room_pools, vaults_room_door_hall, vaults_room_semicircle,
          ontoclasm_vaults_idyll, serial_shops, shop
Vaults:4: grunt_vaults_hallway_short, vaults_room_ringed_pool,
          nicolae_vaults_little_ls, hangedman_vaults_corner,
          hangedman_vaults_trim, nicolae_vaults_quadrants,
          nicolae_vaults_network_square, serial_ice_g, nicolae_vaults_gold_heap,
          hangedman_vaults_locks, ontoclasm_vaults_twist,
          ontoclasm_vaults_gateway, ontoclasm_vaults_chip,
          nicolae_trove_entry_crystal
Crypt:1:  serial_sigils, serial_sigils_hangedman_scratch,
          serial_sigils_hangedman_quiver, serial_sigils_hangedman_quiver,
          serial_sigils_hangedman_etch, serial_sigils_hangedman_stare
Depths:1: enter_ziggurat_c, pf_hell_entry_tar_river, minmay_misc_feat_diagonals,
          kennysheep_four_rooms
Depths:2: hangedman_cross_cluster, serial_bayou, serial_bayou_ford_a,
          hell_entry, okawaru_ov_weapons_minmay, mu_enter_wizlab_2,
          minivault_16, kennysheep_generic_room_6
Depths:3: wad_courtyard, grunt_pan_entry_zigzag, hangedman_coc_ice_floe,
          minmay_shoptagon, serial_bayou_shore_a
Depths:4: minmay_three_patterns, rand_demon_pan_entry_8,
          nemelex_xobeh_ov_fountains_minmay, hell_entry, abyss_entry
Depths:5: grunt_zot_entry_funnels, serial_shops, nicolae_shop_waterfront,
          grunt_pan_entry_sceptre, hell_entry, minmay_misc_feat_room,
          abyss_entry, st_stairs_3, serial_bayou_shore_b,
          infiniplex_staircase_pool_lava
Dis:1:    nicolae_dis_lava_storage_tank
Dis:6:    hangedman_player_shredder
Dis:7:    dis_grunt_layers
Coc:7:    coc_old
Abyss:3:  grunt_abyss_rune_forest_and_sorcery
Abyss:5:  grunt_abyss_exit_deep_breaths
Pan:      evilmike_mini_pan_pillars_b, evilmike_holy_pan,
          regret_index_pan_draining_boxed, pan_blood_fountain_small,
          evilmike_mini_pan_doors, evilmike_mini_pan_doors,
          evilmike_mini_pan_corner, nicolae_pan_gloorx_vloqian_2,
          nicolae_pan_giant_door, nicolae_pan_giant_door,
          evilmike_mini_pan_doors_b, pan_blood_fountain_small, uniq_mennas_pan,
          grunt_pan_zigzag, uniq_ignacio, nicolae_pan_gloorx_vloqian_2,
          evilmike_mini_pan_3x3, uniq_ignacio, nicolae_pan_lom_lobonic_2,
          nicolae_pan_diamonds, pan_captured_pigsty, reaverb_pan_figure_eight,
          lemuel_hellion_island, pan_blood_fountain, nicolae_pan_sigil_eeng,
          evilmike_mini_pan_diamond, uniq_ignacio, grunt_pan_pentagram,
          pan_blood_fountain_small, pan_disco_hall, cerebov_st, uniq_ignacio,
          lom_lobon_spiral_st, evilmike_mini_pan_diamond,
          pan_blood_fountain_small, rand_demon_3, evilmike_mnoleg_eyes,
          pan_blood_fountain, uniq_ignacio, reaverb_pan_squares,
          nicolae_pan_cerebovesque_1, rand_demon_9, uniq_ignacio,
          nicolae_pan_sigil_nadil, nicolae_pan_gloorx_vloqian_3,
          grunt_pan_frozen_over, pan_blood_fountain_small,
          evilmike_mini_pan_thingy, evilmike_mini_pan_thingy, uniq_ignacio,
          nicolae_pan_giant_door, gloorx_vloq_st, nicolae_pan_cerebovesque_4,
          evilmike_mini_pan_V
Bazaar:   bazaar_minmay_plants
Trove:    trove_wands_scrolls
Ossuary:  ossuary_due_cavern
IceCv:    ice_cave_small_dragons
WizLab:   wizlab_cigotuvi

Skill      XL: |  1  2  3  4  5  6  7  8  9 10 11 12 13 14 15 16 17 18 19 20 21 22 23 24 25 26 27 |
---------------+----------------------------------------------------------------------------------+-----
Fighting       | 3 5 6 8 9 10 11 13 14 15 16 17 18 19 20 | 20.6
Maces & Flails | 2 3 5 6 8 9 10 11 12 13 14 15 16 | 16.3
Dodging        | 1 4 6 7 8 9 10 11 12 13 14 15 16 | 16.9
Armour         | 3 5 6 8 9 10 11 12 13 | 13.1
Stealth        | 2 11 13 16 20 22 23 | 23.2
Translocations | 5 7 8 |  8.8
Spellcasting   | 6 8 10 11 | 11.2
Hexes          | 1 6 9 10 11 12 | 12.1
Charms         | 1 6 9 10 11 12 13 | 13.7
Air Magic      | 1 5 7 8 10 | 10.4
Crossbows      | |  1.7
Shields        | |  1.0
Fire Magic     | |  1.0

Action                   |  1- 3 |  4- 6 |  7- 9 | 10-12 | 13-15 | 16-18 | 19-21 | 22-24 | 25-27 || total
-------------------------+-------+-------+-------+-------+-------+-------+-------+-------+-------++-------
Melee: Flail             |       |    84 |    30 |       |       |       |       |       |       ||   114
       Bite              |       |    17 |   104 |   293 |   546 |   566 |   649 |   679 |   683 ||  3537
       Dire flail        |       |       |   327 |   834 |  1564 |   937 |       |       |       ||  3662
       Morningstar       |       |       |       |       |       |   540 |   103 |       |       ||   643
       Great mace        |       |       |       |       |       |       |  1409 |  1426 |  1357 ||  4192
 Fire: Hand crossbow     |    15 |    11 |       |       |       |       |       |       |       ||    26
       Blowgun           |       |       |     3 |       |       |       |       |       |       ||     3
Throw: Throwing net      |       |       |     1 |       |       |       |       |       |       ||     1
       Javelin           |       |       |       |     5 |       |     6 |     6 |     6 |     5 ||    28
 Cast: Apportation       |       |       |       |       |       |     1 |     1 |    15 |    15 ||    32
       Haste             |       |       |       |       |       |       |     3 |    13 |    18 ||    34
       Deflect Missiles  |       |       |       |       |       |       |     1 |     7 |     2 ||    10
       Passage of Golubr |       |       |       |       |       |       |       |       |    11 ||    11
Invok: Curse Item        |       |       |       |     2 |       |     1 |     9 |     2 |       ||    14
       Scrying           |       |       |       |       |     5 |    17 |    12 |    25 |    11 ||    70
 Abil: Evoke Flight      |       |       |       |       |       |       |     2 |       |       ||     2
Evoke: Wand              |       |       |     8 |    24 |     1 |    20 |    10 |     6 |     6 ||    75
       Lamp of fire      |       |       |       |       |       |     3 |       |     2 |       ||     5
       Phantom mirror    |       |       |       |       |       |       |       |     1 |       ||     1
  Use: Potion            |       |     1 |     2 |     6 |     1 |     7 |     4 |     5 |     9 ||    35
       Scroll            |       |       |    15 |    14 |    14 |    13 |    39 |    19 |    25 ||   139
 Stab: Invisible         |       |       |     2 |     2 |       |     4 |       |       |       ||     8
       Distracted        |       |       |       |       |     4 |     7 |     4 |     9 |     6 ||    30
       Sleeping          |       |       |       |       |     7 |    20 |    53 |     5 |    12 ||    97
  Eat: Chunk             |       |       |     5 |    10 |    13 |     8 |     4 |     6 |     2 ||    48
       Beef jerky        |       |       |     1 |       |     3 |     8 |    13 |     1 |       ||    26
       Pizza             |       |       |     1 |     1 |       |     1 |     2 |     1 |       ||     6
       Fruit             |       |       |       |     2 |     6 |       |       |       |       ||     8
       Royal jelly       |       |       |       |       |     1 |       |       |       |       ||     1
       Bread ration      |       |       |       |       |       |       |     2 |     5 |     7 ||    14
Armor: Robe              |     8 |     1 |       |       |       |       |       |       |       ||     9
       Ring mail         |       |    41 |   114 |   228 |   400 |   274 |   243 |       |       ||  1300
       Skin              |       |     8 |    11 |       |       |       |       |       |       ||    19
       Ice dragon armour |       |       |       |       |       |       |   321 |   680 |   655 ||  1656
Dodge: Dodged            |     4 |    60 |   218 |   473 |  1099 |   908 |  1435 |  1210 |  2014 ||  7421
       Deflected         |       |       |       |       |       |       |       |    36 |    20 ||    56
